 Dungeon Sprint DCSS version 0.18-b1-18-g7758cf2 (webtiles) character file.

166 Kidiri the Sneak (level 5, 0/26 HPs)
             Began as a Spriggan Enchanter on May 2, 2016.
             Was an Initiate of Dithmenos.
             Succumbed to a spriggan's poison
             ... in the Dungeon (Sprint IV: "Fedhas' Mad Dash").
             The game lasted 00:01:39 (383 turns).

Kidiri the Sneak (Spriggan Enchanter)                Turns: 383, Time: 00:01:40

Health: 0/26       AC:  4    Str:  4    XL:     5   Next: 22%
Magic:  1/14       EV: 22    Int: 17    God:    Dithmenos [......]
Gold:   65         SH:  0    Dex: 17    Spells: 5 memorised, 3 levels left

rFire  . . .     SeeInvis +     a - +1 dagger
rCold  . . .     Gourm    .     b - +1 robe
rNeg   + . .     Faith    .     (shield restricted)
rPois  .         Spirit   .     (helmet restricted)
rElec  .         Dismiss  .     e - +0 cloak {+Inv}
rCorr  .         Reflect  .     (gloves unavailable)
SustAt .         Harm     .     (boots unavailable)
MR     .....     NoTele   +     (no amulet)
Stlth  ++++......               (no ring)
                                i - ring of positive energy

@: lethally poisoned (0 -> -35), very slightly contaminated, very quick, not
resistant to hostile enchantments, stealthy
A: unfitting armour, see invisible, herbivore 3, speed 3, slow metabolism 2
a: Renounce Religion, Evoke Invisibility


You were in the Dungeon.
You worshipped Dithmenos.
Dithmenos was noncommittal.
You were not hungry.

You visited 1 branch You collected 65 gold pieces.

Inventory:

Hand Weapons
 a - a +1 dagger (weapon)
Armour
 b - a +1 robe (worn)
 e - a +0 cloak of invisibility (worn)
Jewellery
 i - a ring of positive energy (left hand)
Scrolls
 j - a scroll of blinking
Potions
 g - a potion of haste
 h - 2 potions of magic
Books
 c - a book of Maledictions

   Spells                             Type                      Level
   a - Corona                         Hexes                        1
   b - Ensorcelled Hibernation        Hexes/Ice                    2
   c - Confuse                        Hexes                        3
   d - Tukima's Dance                 Hexes                        3
   e - Dazzling Spray                 Conjuration/Hexes            3
Comestibles
 d - a bread ration


   Skills:
 + Level 2.0 Fighting
 * Level 4.6 Short Blades
 + Level 2.1 Armour
 * Level 6.7 Dodging
 * Level 7.9 Stealth
 * Level 5.5 Spellcasting
 + Level 0.7 Conjurations
 + Level 5.3 Hexes
 + Level 1.9 Ice Magic
 + Level 2.3 Evocations


You had 3 spell levels left.
You knew the following spells:

 Your Spells              Type           Power        Failure   Level  Hunger
a - Corona                Hex            ###....      1%          1    None
b - Ensorcelled Hibernat  Hex/Ice        ###...       4%          2    #......
c - Confuse               Hex            ###.....     6%          3    ##.....
d - Tukima's Dance        Hex            ###.....     6%          3    ##.....
e - Dazzling Spray        Conj/Hex       ###.....     14%         3    ##.....


Dungeon Overview and Level Annotations

Branches:
Dungeon (1/1)

Altars:
Cheibriados
Dithmenos
Elyvilon
Gozag
Kikubaaqudgha
Makhleb
Nemelex Xobeh
Okawaru
Pakellas
Qazlal
Ru
Sif Muna
Trog
Vehumet
Xom
Yredelemnul
Zin
The Shining One
Beogh
Jiyva
Lugonu

Shops:
D :


Innate Abilities, Weirdness & Mutations

You are tiny and cannot use many weapons and most armour.
You have supernaturally acute eyesight.
You are a herbivore.
You cover ground extremely quickly.
You need consume almost no food.


Message History

The spriggan is heavily wounded.
You feel sick. The scorpion completely misses you.
The spriggan hits you with a dagger of venom.
* * * LOW HITPOINT WARNING * * *
You are more poisoned.
You are too injured to fight recklessly!
You are too injured to fight recklessly!
You are too injured to fight recklessly!
You hit the scorpion but do no damage.
The scorpion is moderately wounded.
* * * LOW HITPOINT WARNING * * *
You feel sick. The scorpion completely misses you.
You hit the scorpion but do no damage.
The scorpion is moderately wounded.
* * * LOW HITPOINT WARNING * * *
You feel sick. The spriggan closely misses you.
The scorpion closely misses you.
You barely miss the scorpion.
The scorpion is moderately wounded.
You die...

####################
⌠...._....⌠.#..'@..#
_._._._._._.'..#si.#
._._._._._._#..###'#
_._._._._._.#..# ∩$+
⌠...._....⌠.#### ##
#############


You could see a spriggan and a scorpion.

Vanquished Creatures
  3 oklob saplings (D)
  A worker ant (D)
  A spriggan (D)
  A river rat (D)
  A rat (D)
7 creatures vanquished.

Notes
Turn   | Place    | Note
--------------------------------------------------------------
     0 | D        | Kidiri the Spriggan Enchanter began the quest for the Orb.
     0 | D        | Reached XP level 1. HP: 9/9 MP: 5/5
   129 | D        | Reached skill level 5 in Stealth
   129 | D        | Reached XP level 2. HP: 14/14 MP: 5/7
   181 | D        | Learned a level 2 spell: Ensorcelled Hibernation
   187 | D        | Noticed an oklob sapling
   188 | D        | Killed an oklob sapling
   188 | D        | Reached skill level 1 in Fighting
   188 | D        | Reached skill level 1 in Armour
   188 | D        | Reached skill level 6 in Stealth
   188 | D        | Reached XP level 3. HP: 18/18 MP: 9/9
   193 | D        | Learned a level 3 spell: Confuse
   197 | D        | Learned a level 3 spell: Tukima's Dance
   200 | D        | Reached skill level 5 in Dodging
   200 | D        | Reached skill level 1 in Ice Magic
   222 | D        | Found a snail-covered altar of Cheibriados.
   222 | D        | Found a glowing silver altar of Zin.
   222 | D        | Found a white marble altar of Elyvilon.
   222 | D        | Found a viscous altar of Jiyva.
   222 | D        | Found a radiant altar of Vehumet.
   222 | D        | Found a deep blue altar of Sif Muna.
   222 | D        | Found an ancient bone altar of Kikubaaqudgha.
   222 | D        | Found a bloodstained altar of Trog.
   222 | D        | Found a corrupted altar of Lugonu.
   222 | D        | Noticed an oklob sapling priest
   223 | D        | Found a burning altar of Makhleb.
   223 | D        | Found an oddly glowing altar of Pakellas.
   223 | D        | Found a sacrificial altar of Ru.
   224 | D        | Found a glowing golden altar of the Shining One.
   224 | D        | Found a sparkling altar of Nemelex Xobeh.
   225 | D        | Found a shadowy altar of Dithmenos.
   226 | D        | Found an iron altar of Okawaru.
   226 | D        | Found a shimmering altar of Xom.
   227 | D        | Found an opulent altar of Gozag.
   228 | D        | Found a basalt altar of Yredelemnul.
   228 | D        | Found a roughly hewn altar of Beogh.
   229 | D        | Found a stormy altar of Qazlal.
   233 | D        | Became a worshipper of Dithmenos the Shadowed
   236 | D        | Killed an oklob sapling priest
   236 | D        | Reached skill level 7 in Stealth
   236 | D        | Reached skill level 5 in Spellcasting
   236 | D        | Reached skill level 5 in Hexes
   236 | D        | Reached skill level 1 in Evocations
   236 | D        | Reached XP level 4. HP: 23/23 MP: 9/12
   241 | D        | Learned a level 3 spell: Dazzling Spray
   355 | D        | Reached XP level 5. HP: 26/26 MP: 10/13
   376 | D        | Found Gacromaesk's Book Shop.
   383 | D        | Succumbed to a spriggan's poison

Skill      XL: |  1  2  3  4  5 |
---------------+----------------+-----
Short Blades   | 2 4 |  4.6
Stealth        | 5 6 7 |  7.9
Spellcasting   | 3 5 |  5.5
Fighting       | 1 2 |  2.0
Armour         | 1 2 |  2.1
Dodging        | 4 6 |  6.7
Hexes          | 4 5 |  5.3
Ice Magic      | 1 |  1.9
Evocations     | 1 2 |  2.3
Conjurations   | |  0.7

Action                   |  1- 3 |  4- 6 || total
-------------------------+-------+-------++-------
Melee: Dagger            |    11 |    11 ||    22
 Cast: Corona            |     1 |       ||     1
       Dazzling Spray    |       |     3 ||     3
 Abil: Evoke Invisibilit |     1 |     1 ||     2
  Use: Potion            |     2 |     1 ||     3
 Stab: Sleeping          |     3 |     1 ||     4
Armor: Robe              |     1 |       ||     1
Dodge: Dodged            |    10 |    15 ||    25
